 Dungeon Sprint DCSS version 0.18-a0-1120-g03bd624 (webtiles) character file.

536481 ahoge the Skullcrusher (level 22, -52/169 HPs)
             Began as a Gargoyle Fighter on Jan 17, 2016.
             Was a High Priest of Okawaru.
             Annihilated by Antaeus (53 damage)
             ... in the Dungeon (Sprint IX: "|||||||||||||||||||||||||||||").
             The game lasted 01:13:24 (8441 turns).

ahoge the Skullcrusher (Gargoyle Fighter)           Turns: 8441, Time: 01:13:24

Health: -52/169    AC: 46    Str: 40    XL:     22   Next: 76%
Magic:  0/35       EV: 39    Int: 15    God:    Okawaru [*****.]
Gold:   1744       SH:  0    Dex: 22    Spells: 0 memorised, 21 levels left

rFire  + + +     SeeInvis +     F - +5 triple sword of Rekhlept {distort, rF+ Int-2 SInv}
rCold  . . .     Gourm    .     D - +2 chain mail of the Equinox {*Corrode *Drain rN+++ Regen+}
rNeg   + + +     Faith    .     (shield currently unavailable)
rPois  ∞         Spirit   +     z - -2 hat of Agoraphobia {Int+3 Slay+4}
rElec  +         Dismiss  .     m - +1 cloak "Mepotiz" {rF++ Str+3}
rCorr  +         Reflect  .     v - +2 pair of gloves {Str+3}
SustAt .         Harm     .     Q - +2 pair of boots {run}
MR     ++++.     Clarity  +     X - amulet "Coti" {Spirit rPois MR+++ MP+9}
Stlth  +++....... NoTele   +    W - ring of the Middle {-Tele rPois MP-9 Dex+3 SInv}
                                q - ring of the Ego {rCorr -Tele rElec Str+10 Dex-2}

@: agile, exhausted, heroism, frozen, flying, slowed, very slow, incredibly
resistant to hostile enchantments, fairly stealthy
A: big wings, hooves 1, horns 2, blink, blurry vision 3, clarity, clever 2, low
mp 1, negative energy resistance 1, regeneration 1, electricity resistance,
strong 1, unbreathing, petrification resistance, rot immunity, MP-powered wands,
AC +16
a: Stop Flying, Blink, Heroism, Finesse, Renounce Religion
0: Orb of Zot
}: 9/15 runes: decaying, serpentine, barnacled, slimy, elven, silver, golden,
abyssal, gossamer


You were in the Dungeon.
You worshipped Okawaru.
Okawaru was extremely pleased with you.
You were hungry.

You visited 1 branch You collected 1963 gold pieces.
You spent 219 gold pieces at shops.

Inventory:

Hand Weapons
 d - the +7 falchion "Imp's Death Toll" {flame, Int+3}
   (Okawaru gifted it to you in the Dungeon)

   It has been specially enchanted to burn those struck by it, causing extra
   injury to most foes and up to half again as much damage against particularly
   susceptible opponents.
   Big, fiery blades are also staple armaments of hydra-hunters.
   It affects your intelligence (+3).
 F - the +5 triple sword of Rekhlept (weapon) {distort, rF+ Int-2 SInv}
   (You found it in the Dungeon)

   It warps and distorts space around it.
   Unwielding it can cause banishment or high damage.
   It affects your intelligence (-2).
   It protects you from fire.
   It lets you see invisible.
 I - the +5 lajatang "Kakhlen" {slice, Dex+7}
   (You found it in the Dungeon)

   It inflicts extra damage upon your enemies.
   It affects your dexterity (+7).
 J - the +10 battleaxe of Royalism {venom, Str+6}
   (You found it in the Dungeon)

   It poisons the flesh of those it strikes.
   It affects your strength (+6).
 K - the +5 glaive of Sin {venom, +Fly Int+2 Dex+7}
   (You found it in the Dungeon)

   It poisons the flesh of those it strikes.
   It affects your intelligence (+2).
   It affects your dexterity (+7).
   It lets you fly.
 O - the +1 flail "Ibuibe" {crush, rPois Stlth+, unknown}
   (Okawaru gifted it to you in the Dungeon)

   It inflicts extra damage upon your enemies.
   It protects you from poison.
   It makes you more stealthy.
 R - the +5 battleaxe "Gedep" {freeze, rElec Str+5}
   (You found it in the Dungeon)

   It has been specially enchanted to freeze those struck by it, causing extra
   injury to most foes and up to half again as much damage against particularly
   susceptible opponents.
   It can also slow down cold-blooded creatures.
   It affects your strength (+5).
   It insulates you from electricity.
 U - the +5 double sword "Pakec" {pain, rN+ Dex+4}
   (You found it in the Dungeon)

   In the hands of one skilled in necromantic magic, it inflicts extra damage on
   living creatures.
   It affects your dexterity (+4).
   It protects you from negative energy.
Armour
 c - the +0 cloak of Impermeability {Str+4}
   (You found it in the Dungeon)

   It affects your strength (+4).
 m - the +1 cloak "Mepotiz" (worn) {rF++ Str+3}
   (Okawaru gifted it to you in the Dungeon)

   It affects your strength (+3).
   It greatly protects you from fire.
 t - the +9 plate armour of Soupa {Int+2}
   (You found it in the Dungeon)

   It affects your intelligence (+2).
 v - a +2 pair of gloves of strength (worn)
 z - the -2 hat of Agoraphobia (worn) {Int+3 Slay+4}
   (Okawaru gifted it to you in the Dungeon)

   It affects your intelligence (+3).
   It affects your accuracy and damage with ranged weapons and melee attacks
   (+4).
 D - the +2 chain mail of the Equinox (worn) {*Corrode *Drain rN+++ Regen+}
   (You found it in the Dungeon)

   It renders you almost immune to negative energy.
   It increases your rate of regeneration.
   It may corrode your equipment when you take damage.
   It causes draining when unequipped.
 L - the +3 leather armour of Music {Int+2}
   (You found it in the Dungeon)

   It affects your intelligence (+2).
 M - the +0 scale mail "Wuodghidu" {rElec}
   (Okawaru gifted it to you in the Dungeon)

   It insulates you from electricity.
 Q - a +2 pair of boots of running (worn)
 S - the +3 pair of boots of the Griffon {-Tele *Confuse rPois rCorr}
   (Okawaru gifted it to you in the Dungeon)

   It protects you from poison.
   It prevents most forms of teleportation.
   It protects you from acid and corrosion.
   It may confuse you when you take damage.
 V - the +3 large shield "Vunk" {+Fly rElec rN+ Slay-2}
   (You found it in the Dungeon)

   It affects your accuracy and damage with ranged weapons and melee attacks
   (-2).
   It insulates you from electricity.
   It protects you from negative energy.
   It lets you fly.
Jewellery
 q - the ring of the Ego (left hand) {rCorr -Tele rElec Str+10 Dex-2}
   (You found it in the Dungeon)

   [ring of resist corrosion]

   It affects your strength (+10).
   It affects your dexterity (-2).
   It insulates you from electricity.
   It prevents most forms of teleportation.
 P - the amulet "Acoal" {Reflect rPois rF+ Str-4 Int+2 SH+2 Stlth+}
   (You found it in the Dungeon)

   [amulet of reflection]

   It shields you and reflects attacks.
   It affects your strength (-4).
   It affects your intelligence (+2).
   It protects you from fire.
   It protects you from poison.
   It affects your SH (+2).
   It makes you more stealthy.
 T - the ring "Eteed" {Wiz *Corrode rElec rC+}
   (You found it in the Dungeon)

   [ring of wizardry]

   It improves your spell success rate.
   It protects you from cold.
   It insulates you from electricity.
   It may corrode your equipment when you take damage.
 W - the ring of the Middle (right hand) {-Tele rPois MP-9 Dex+3 SInv}
   (You found it in the Dungeon)

   [ring of dexterity]

   It affects your dexterity (+3).
   It protects you from poison.
   It affects your magic capacity (-9).
   It lets you see invisible.
   It prevents most forms of teleportation.
 X - the amulet "Coti" (around neck) {Spirit rPois MR+++ MP+9}
   (You found it in the Dungeon)

   [amulet of guardian spirit]

   It causes incoming damage to be split between your health and magic.
   It protects you from poison.
   It affects your resistance to hostile enchantments.
   It affects your magic capacity (+9).
Wands
 p - a wand of cold (7/15)
 r - a wand of hasting (5/9)
Scrolls
 b - a scroll of recharging
 k - 8 scrolls of blinking
 n - 2 scrolls of remove curse
 o - 2 scrolls of amnesia
 u - 4 scrolls of enchant weapon
 w - 3 scrolls of fog
 x - 8 scrolls of enchant armour
 y - 3 scrolls of fear
 A - 3 scrolls of identify
Potions
 a - a potion of agility
 e - 4 potions of curing
 g - 2 potions of invisibility
 h - a potion of haste
 i - 4 potions of magic
 l - 5 potions of brilliance
 G - a potion of lignification {unknown}
 H - a potion of flight {unknown}
 Z - 2 potions of cure mutation
Books
 s - a book of Minor Magic

   Spells                             Type                      Level
   a - Magic Dart                     Conjuration                  1
   b - Blink                          Translocation                2
   c - Call Imp                       Summoning                    2
   d - Repel Missiles                 Charms/Air                   2
   e - Slow                           Hexes                        2
   f - Conjure Flame                  Conjuration/Fire             3
   g - Mephitic Cloud                 Conjuration/Poison/Air       3
Miscellaneous
 E - a crystal ball of energy
Comestibles
 f - 13 bread rations
 B - 26 fruits
 C - 13 meat rations


   Skills:
 O Level 27 Fighting
 + Level 21.9(26.9) Long Blades
 O Level 27 Axes
 O Level 27 Maces & Flails
 O Level 27 Polearms
 + Level 24.2(27) Armour
 + Level 24.3(27) Dodging
 + Level 26.7(27) Stealth
 + Level 21.6(26.6) Shields
 + Level 3.1(8.1) Unarmed Combat
 O Level 27 Invocations


You had 21 spell levels left.
You didn't know any spells.

Dungeon Overview and Level Annotations

Branches:
Dungeon (1/1)

Altars:
Cheibriados
Dithmenos
Elyvilon
Fedhas
Gozag
Kikubaaqudgha
Makhleb
Nemelex Xobeh
Okawaru
Pakellas
Qazlal
Ru
Sif Muna
Trog
Vehumet
Xom
Yredelemnul
Zin
The Shining One
Beogh
Jiyva
Lugonu

Shops:
D *([%

Annotations:
D Antaeus, Dispater, Ereshkigal, Geryon, Lom Lobon


Innate Abilities, Weirdness & Mutations

You are resistant to torment.
Your stone body is resilient (AC +16).
You are immune to poison.
Your large and strong wings let you fly indefinitely.
You resist negative energy.
You are resistant to electric shocks.
You can survive without breathing.
You are immune to petrification.
You are immune to rotting.
You have large cloven feet.
You have a pair of horns on your head.
You can translocate small distances at will.
Scrolls take you much longer to read.
You possess an exceptional clarity of mind.
Your mind is very acute. (Int +4)
Your magical capacity is low (-10% MP).
Your natural rate of healing is unusually fast.
Your muscles are strong. (Str +2)
You expend magic power (3 MP) to strengthen your wands.


Message History

The flash freeze hits you!
You are encased in ice.
There is an open door here.
You feel a strong urge to attack something.
Ereshkigal, Queen of Tartarus comes into view.
You are no longer berserk.
You are exhausted.
You feel yourself slow down.
You are feeling hungry.
Ereshkigal shouts, "Embrace thy dedition, thou fobbing beef-witted pissant!"
Ereshkigal gestures.
Dispater gestures.
Found a glowing rune of Zot.
You see here a dark rune of Zot.
Unknown command.
You slash Antaeus! You headbutt Antaeus, but do no damage.
Antaeus is lightly wounded.
Antaeus blinks!
Antaeus hits you!
* * * LOW HITPOINT WARNING * * *
Antaeus freezes you!!!
You die...

.▓.▓.▓.▓.▓.▓.▓.▓
)▓.▓.▓.▓.▓.▓.▓.▓&▓
.▓.▓.▓.▓.▓.▓.▓.▓2▓
.▓.▓(▓.▓.▓.▓.▓.▓1▓
.▓.▓'▓.▓.▓.▓.▓.▓2▓
.▓.▓.▓.▓.▓.▓'▓.▓&▓
.▓.▓.▓.▓.▓.▓.▓.▓2▓
)▓.▓.▓.▓.▓.▓.▓.▓C▓
)▓.▓.▓.▓.▓.▓.▓.▓@▓
)▓.▓.▓.▓.▓.▓.▓.▓'▓
)▓.▓.▓.▓.▓.▓.▓.▓.▓
'▓.▓.▓.▓.▓.▓.▓.▓'▓
.▓.▓.▓.▓'▓.▓.▓.▓.▓
.▓.▓.▓.▓.▓.▓.▓.▓.▓
)▓.▓)▓.▓.▓.▓.▓.▓.▓
.▓.▓.▓.▓.▓.▓'▓.▓.▓
%▓.▓.▓.▓.▓.▓.▓.▓.▓


You could see Antaeus, Dispater, Ereshkigal, a Brimstone Fiend, a reaper, a
balrug and a hellion.

Vanquished Creatures
  the Royal Jelly (D)
  Mnoleg (D)
  6 ancient liches (D)
  4 orbs of fire (D)
  Mennas (D)
  Mara (D)
  Boris (D)
  3 greater mummies (D)
  Norris (D)
  Saint Roka (D)
  Margery (D)
  A curse toe (D)
  3 golden dragons (D)
  Nikola (D)
  Xtahua (D)
  2 electric golems (D)
  3 tentacled monstrosities (D)
  4 liches (D)
  28 Orb Guardians (D)
  A quicksilver dragon (D)
  2 deep elf blademasters (D)
  5 acid blobs (D)
  2 deep elf master archers (D)
  A death cob (D)
  8 sphinxes (D)
  Frances (D)
  A tengu reaver (D)
  Agnes (D)
  4 storm dragons (D)
  7 shadow dragons (D)
  A pandemonium lord (D)
  Ilsuiw (D)
  A fire giant (D)
  4 greater nagas (D)
  4 azure jellies (D)
  2 draconian knights (D)
  3 ghost moths (D)
  Louise (D)
  2 frost giants (D)
  3 draconian scorchers (D)
  2 deep elf sorcerers (D)
  8 emperor scorpions (D)
  Aizul (D)
  5 vault wardens (D)
  A draconian zealot (D)
  3 draconian annihilators (D)
  An ironheart preserver (D)
  A very ugly thing (D)
  Nessos (D)
  A war gargoyle (D)
  5 stone giants (D)
  3 deep elf demonologists (D)
  5 vampire knights (D)
  2 draconian callers (D)
  3 green draconians (D)
  2 purple draconians (D)
  A yellow draconian (D)
  5 black draconians (D)
  2 red draconians (D)
  A mottled draconian (D)
  5 white draconians (D)
  2 deep elf death magi (D)
  A green death (D)
  4 merfolk javelineers (D)
  2 ettins (D)
  Josephine (D)
  25 vault guards (D)
  6 mummy priests (D)
  5 merfolk impalers (D)
  5 death oozes (D)
  3 yaktaur captains (D)
  3 deep elf high priests (D)
  4 fire dragons (D)
  An ice dragon (D)
  4 naga warriors (D)
  10 hydras (D)
  2 rakshasas (D)
  An anaconda (D)
  An alligator (D)
  A centaur warrior (D)
  Erica (D)
  2 deep troll earth magi (D)
  3 ogre magi (D)
  A tengu warrior (D)
  A satyr (D)
  2 death yaks (D)
  3 merfolk aquamancers (D)
  8 orc high priests (D)
  3 naga sharpshooters (D)
  2 hell knights (D)
  A thrashing horror (D)
  A sun demon (D)
  A wretched star (D)
  2 sea snakes (D)
  A spriggan druid (D)
  A fire crab (shapeshifter) (D)
  2 starcursed masses (D)
  2 unseen horrors (D)
  3 ironbrand convokers (D)
  2 shambling mangroves (D)
  5 swamp dragons (D)
  14 orc knights (D)
  A hill giant (D)
  6 necromancers (D)
  An orb spider (shapeshifter) (D)
  A wizard (D)
  2 griffons (D)
  3 wolf spiders (D)
  A cyclops (shapeshifter) (D)
  A cyclops (D)
  An elephant (D)
  3 black mambas (D)
  A sixfirhy (D)
  7 moths of wrath (D)
  A toenail golem (D)
  A torpor snail (D)
  2 guardian serpents (D)
  4 naga magi (D)
  An octopode (shapeshifter) (D)
  3 vault sentinels (D)
  A guardian serpent (shapeshifter) (D)
  An orange demon (D)
  2 rust devils (D)
  2 spiny frogs (D)
  A smoke demon (D)
  4 yaktaurs (D)
  A kobold demonologist (D)
  A demonic crawler (D)
  A tormentor (D)
  2 ice devils (D)
  15 guardian mummies (D)
  2 freezing wraiths (D)
  3 jumping spiders (D)
  A troll (D)
  A jumping spider (shapeshifter) (D)
  4 merfolk (D)
  A boulder beetle (D)
  A wandering mushroom (D)
  2 giant leeches (D)
  5 redbacks (D)
  A tarantella (D)
  A yak (D)
  11 spriggans (D)
  A wyvern (D)
  4 hogs (D)
  A basilisk (D)
  2 golden eyes (D)
  5 wraiths (D)
  A vampire mosquito (D)
  A chaos spawn (D)
  4 neqoxecs (D)
  4 wolves (D)
  A hippogriff (D)
  A warg (D)
  5 mottled dragons (D)
  2 nagas (D)
  2 water moccasins (D)
  2 porcupines (D)
  3 hell hounds (D)
  2 swamp drakes (D)
  11 orc warriors (D)
  A tengu (shapeshifter) (D)
  An ice beast (D)
  2 wasps (D)
  An eye of draining (shapeshifter) (D)
  An eye of draining (D)
  2 boggarts (D)
  An ogre (D)
  A centaur (D)
  A giant frog (D)
  A crimson imp (D)
  2 small abominations (D)
  A hound (D)
  2 quasits (D)
  2 orc priests (D)
  6 orc wizards (D)
  2 iguanas (D)
  2 worker ants (D)
  2 adders (D)
  A river rat (D)
  A shadow imp (D)
  3 giant eyeballs (D)
  An ufetubus (D)
  An adder skeleton (D)
  An adder zombie (D)
  An adder simulacrum (D)
  A giant gecko (D)
  9 orcs (D)
  2 bats (D)
  2 bat skeletons (D)
  A goblin (D)
  A quokka (D)
  A ball python (D)
  A jackal zombie (D)
  A rat (D)
534 creatures vanquished.

Vanquished Creatures (others)
  2 sphinxes (D)
  Kirke (D)
  A mummy priest (D)
  A death ooze (D)
  A moth of wrath (D)
  A guardian mummy (D)
  A human (D)
  A swamp drake (D)
  3 ball lightnings (D)
12 creatures vanquished.

Grand Total: 546 creatures vanquished

Notes
Turn   | Place    | Note
--------------------------------------------------------------
     0 | D        | ahoge the Gargoyle Fighter began the quest for the Orb.
     0 | D        | Reached XP level 1. HP: 14/14 MP: 1/1
    30 | D        | Reached skill level 4 in Fighting
   196 | D        | Noticed a worker ant
   200 | D        | Reached XP level 2. HP: 13/20 MP: 2/2
   215 | D        | Reached skill level 5 in Shields
   215 | D        | Reached XP level 3. HP: 22/25 MP: 3/3
   218 | D        | Reached skill level 5 in Fighting
   218 | D        | Reached skill level 5 in Armour
   218 | D        | Reached skill level 1 in Dodging
   243 | D        | Found a glowing silver altar of Zin.
   243 | D        | Found a glowing golden altar of the Shining One.
   243 | D        | Found an ancient bone altar of Kikubaaqudgha.
   243 | D        | Found a basalt altar of Yredelemnul.
   243 | D        | Found a shimmering altar of Xom.
   243 | D        | Found a radiant altar of Vehumet.
   244 | D        | Found an iron altar of Okawaru.
   245 | D        | Found a burning altar of Makhleb.
   246 | D        | Found a deep blue altar of Sif Muna.
   247 | D        | Found a bloodstained altar of Trog.
   248 | D        | Found a sparkling altar of Nemelex Xobeh.
   249 | D        | Found a white marble altar of Elyvilon.
   250 | D        | Found a roughly hewn altar of Beogh.
   251 | D        | Found a viscous altar of Jiyva.
   252 | D        | Became a worshipper of Warmaster Okawaru
   253 | D        | Found a corrupted altar of Lugonu.
   254 | D        | Found a blossoming altar of Fedhas.
   255 | D        | Found a snail-covered altar of Cheibriados.
   256 | D        | Found a shadowy altar of Dithmenos.
   257 | D        | Found a stormy altar of Qazlal.
   258 | D        | Found an opulent altar of Gozag.
   259 | D        | Found a sacrificial altar of Ru.
   260 | D        | Found an oddly glowing altar of Pakellas.
   316 | D        | Noticed a troll
   316 | D        | Noticed a centaur
   316 | D        | Noticed a water moccasin
   334 | D        | Killed a water moccasin
   334 | D        | Reached skill level 6 in Fighting
   334 | D        | Reached XP level 4. HP: 26/32 MP: 4/4
   334 | D        | Reached XP level 5. HP: 30/37 MP: 5/5
   343 | D        | Reached * piety under Okawaru
   343 | D        | Reached skill level 7 in Shields
   353 | D        | Killed a centaur
   353 | D        | Reached skill level 5 in Maces & Flails
   353 | D        | Reached XP level 6. HP: 17/44 MP: 6/6
   357 | D        | Killed a troll
   357 | D        | Reached skill level 8 in Armour
   357 | D        | Reached XP level 7. HP: 15/48 MP: 7/7
   581 | D        | Noticed a guardian serpent
   581 | D        | Noticed a kobold demonologist
   581 | D        | Noticed a wraith
   593 | D        | Killed a wraith
   593 | D        | Reached skill level 9 in Armour
   594 | D        | Noticed a raiju
   594 | D        | a guardian serpent changed into a raiju
   597 | D        | Noticed a komodo dragon
   597 | D        | a raiju changed into a komodo dragon
   602 | D        | Killed a kobold demonologist
   602 | D        | Reached ** piety under Okawaru
   602 | D        | Reached skill level 5 in Dodging
   602 | D        | Reached XP level 8. HP: 48/55 MP: 6/8
   608 | D        | Noticed a troll
   608 | D        | a komodo dragon changed into a troll
   609 | D        | Reached skill level 10 in Armour
   613 | D        | Noticed an octopode
   613 | D        | a troll changed into an octopode
   616 | D        | Killed an octopode
   623 | D        | Gained mutation: You have large cloven feet. [mutagenic meat]
   624 | D        | Gained mutation: You can translocate small distances at will. [mutagenic meat]
   831 | D        | Noticed a five-headed hydra
   835 | D        | Reached skill level 1 in Invocations
   844 | D        | Killed a five-headed hydra
   844 | D        | Reached *** piety under Okawaru
   844 | D        | Reached skill level 10 in Fighting
   844 | D        | Reached skill level 10 in Maces & Flails
   844 | D        | Reached skill level 11 in Armour
   844 | D        | Reached XP level 9. HP: 58/62 MP: 7/10
   847 | D        | Noticed a death yak
   878 | D        | Killed a death yak
   878 | D        | Reached **** piety under Okawaru
   878 | D        | Reached skill level 12 in Armour
   900 | D        | Noticed a seven-headed hydra
   900 | D        | Noticed an elephant
   900 | D        | Noticed a spiny frog
   900 | D        | Noticed a black mamba
   901 | D        | Noticed a seven-headed hydra
   904 | D        | Noticed a death yak
   910 | D        | Killed a black mamba
   910 | D        | Reached XP level 10. HP: 29/70 MP: 8/11
   921 | D        | Killed a spiny frog
   925 | D        | Noticed a spiny frog
   936 | D        | Killed an elephant
   944 | D        | Killed a seven-headed hydra
   944 | D        | Received a gift from Okawaru
   944 | D        | Reached skill level 13 in Maces & Flails
   948 | D        | Killed a seven-headed hydra
   948 | D        | Reached ***** piety under Okawaru
   960 | D        | Killed a death yak
   960 | D        | Reached skill level 14 in Maces & Flails
   967 | D        | Killed a spiny frog
   967 | D        | Reached XP level 11. HP: 38/78 MP: 13/13
  1184 | D        | Reached skill level 1 in Stealth
  1295 | D        | Noticed Josephine
  1311 | D        | Killed Josephine
  1311 | D        | Reached skill level 15 in Maces & Flails
  1311 | D        | Reached skill level 5 in Invocations
  1367 | D        | Noticed an orc knight
  1386 | D        | Killed an orc knight
  1471 | D        | Noticed an orc knight
  1483 | D        | Killed an orc knight
  1483 | D        | Received a gift from Okawaru
  1484 | D        | Noticed an orc knight
  1487 | D        | Noticed an orc knight
  1511 | D        | Killed an orc knight
  1511 | D        | Received a gift from Okawaru
  1528 | D        | Killed an orc knight
  1528 | D        | Reached skill level 16 in Maces & Flails
  1608 | D        | Found Cetel's Food Boutique.
  1608 | D        | Noticed an orc high priest
  1608 | D        | Noticed an orc high priest
  1608 | D        | Noticed an orc knight
  1608 | D        | Noticed an orc knight
  1608 | D        | Noticed an orc high priest
  1609 | D        | Noticed an orc knight
  1611 | D        | Noticed an orc high priest
  1614 | D        | Killed an orc high priest
  1615 | D        | Found Eloilisi's Armour Shop.
  1626 | D        | Killed an orc knight
  1626 | D        | Reached skill level 15 in Fighting
  1627 | D        | Noticed an orc knight
  1632 | D        | Killed an orc knight
  1633 | D        | Found Tuohok's Antique Weapon Boutique.
  1640 | D        | Killed an orc high priest
  1640 | D        | Reached skill level 17 in Maces & Flails
  1640 | D        | Reached XP level 12. HP: 44/88 MP: 13/17
  1646 | D        | Killed an orc high priest
  1650 | D        | Found Ystuaman's General Store.
  1654 | D        | Killed an orc high priest
  1655 | D        | Noticed an orc high priest
  1658 | D        | Noticed an orc high priest
  1660 | D        | Noticed an orc high priest
  1661 | D        | Noticed an orc high priest
  1665 | D        | Noticed a soul eater
  1674 | D        | Killed an orc high priest
  1683 | D        | Killed an orc high priest
  1693 | D        | Killed an orc high priest
  1693 | D        | Reached skill level 18 in Maces & Flails
  1709 | D        | Killed an orc high priest
  1728 | D        | Bought a glowing whip for 65 gold pieces
  1771 | D        | Bought a +0 ring mail of magic resistance for 154 gold pieces
  2072 | D        | Got the +10 battleaxe of Royalism {venom, Str+6}
  2083 | D        | Got the +3 leather armour of Music {Int+2}
  2199 | D        | Identified a +0 pair of boots of running (You found it in the Dungeon)
  2214 | D        | Noticed a tengu warrior
  2215 | D        | Noticed an ogre mage
  2235 | D        | Noticed an ogre mage
  2248 | D        | Killed a tengu warrior
  2248 | D        | Reached skill level 10 in Shields
  2268 | D        | Killed an ogre mage
  2275 | D        | Noticed a rakshasa
  2290 | D        | Killed an ogre mage
  2294 | D        | Reached skill level 19 in Maces & Flails
  2318 | D        | Killed a rakshasa
  2319 | D        | Noticed a fire dragon
  2337 | D        | Killed a fire dragon
  2337 | D        | Reached ****** piety under Okawaru
  2337 | D        | Reached XP level 13. HP: 96/96 MP: 9/19
  2343 | D        | Gained mutation: Your mind is acute. (Int +2) [mutagenic meat]
  2391 | D        | Noticed Frances
  2414 | D        | Killed Frances
  2428 | D        | Noticed Agnes
  2449 | D        | Killed Agnes
  2449 | D        | Received a gift from Okawaru
  2449 | D        | Reached skill level 10 in Dodging
  2480 | D        | Noticed Erica
  2497 | D        | Killed Erica
  2552 | D        | Reached skill level 10 in Invocations
  2579 | D        | Reached skill level 20 in Maces & Flails
  2651 | D        | Noticed an emperor scorpion
  2696 | D        | Killed an emperor scorpion
  2797 | D        | Received a gift from Okawaru
  2812 | D        | Got a steaming hat {god gift}
  2823 | D        | Identified the -2 hat of Agoraphobia {Int+3 Slay+4} (Okawaru gifted it to you in the Dungeon)
  2865 | D        | Reached skill level 21 in Maces & Flails
  2865 | D        | Gained mutation: Your large and strong wings let you fly indefinitely. [Gargoyle growth]
  2865 | D        | Reached XP level 14. HP: 97/104 MP: 18/22
  2923 | D        | Gained mutation: Your muscles are strong. (Str +2) [mutagenic meat]
  2925 | D        | Lost mutation: Your muscles are strong. (Str +2) [mutagenic meat]
  2926 | D        | Gained mutation: You have a pair of small horns on your head. [mutagenic meat]
  2968 | D        | Noticed Saint Roka
  3001 | D        | Killed Saint Roka
  3135 | D        | Noticed Kirke
  3173 | D        | Killed Kirke
  3480 | D        | Noticed a frost giant
  3480 | D        | Noticed a green very ugly thing
  3486 | D        | Reached skill level 22 in Maces & Flails
  3486 | D        | Reached skill level 1 in Unarmed Combat
  3498 | D        | Noticed a frost giant
  3506 | D        | Killed a green very ugly thing
  3507 | D        | Noticed a tengu reaver
  3516 | D        | Killed a frost giant
  3516 | D        | Reached skill level 5 in Stealth
  3530 | D        | Noticed a stone giant
  3536 | D        | Killed a frost giant
  3552 | D        | Killed a tengu reaver
  3552 | D        | Received a gift from Okawaru
  3566 | D        | Killed a stone giant
  3566 | D        | Reached skill level 15 in Shields
  3601 | D        | Reached skill level 23 in Maces & Flails
  3620 | D        | Gained mutation: Your mind is very acute. (Int +4) [mutagenic meat]
  3623 | D        | Got a scorched cloak {god gift}
  3634 | D        | Identified the +1 cloak "Mepotiz" {rF++ Str+3} (Okawaru gifted it to you in the Dungeon)
  3649 | D        | Gained mutation: Your magical capacity is low (-10% MP). [mutagenic meat]
  3650 | D        | Gained mutation: You possess an exceptional clarity of mind. [mutagenic meat]
  3651 | D        | Gained mutation: You expend magic power (3 MP) to strengthen your wands. [mutagenic meat]
  3674 | D        | Noticed a vault warden
  3675 | D        | Noticed a vault warden
  3683 | D        | Reached XP level 15. HP: 113/113 MP: 15/22
  3690 | D        | Killed a vault warden
  3706 | D        | Killed a vault warden
  3711 | D        | Noticed a vault warden
  3736 | D        | Killed a vault warden
  3768 | D        | Gained mutation: Your natural rate of healing is unusually fast. [mutagenic meat]
  3769 | D        | Gained mutation: You have a pair of horns on your head. [mutagenic meat]
  3770 | D        | Gained mutation: Your muscles are strong. (Str +2) [mutagenic meat]
  3837 | D        | Noticed a vault warden
  3838 | D        | Noticed a fire giant
  3842 | D        | Noticed a vault warden
  3855 | D        | Killed a vault warden
  3865 | D        | Killed a fire giant
  3865 | D        | Reached skill level 24 in Maces & Flails
  3876 | D        | Killed a vault warden
  3876 | D        | Received a gift from Okawaru
  3925 | D        | Noticed Norris
  3945 | D        | Killed Norris
  3945 | D        | Received a gift from Okawaru
  3977 | D        | Noticed Mennas
  4022 | D        | Killed Mennas
  4154 | D        | Noticed Nikola
  4166 | D        | Killed Nikola
  4166 | D        | Reached skill level 25 in Maces & Flails
  4306 | D        | Got the +2 chain mail of the Equinox {*Corrode *Drain rN+++ Regen+}
  4407 | D        | Noticed Xtahua
  4418 | D        | Killed Xtahua
  4469 | D        | Noticed an emperor scorpion
  4469 | D        | Noticed an emperor scorpion
  4469 | D        | Noticed an emperor scorpion
  4469 | D        | Noticed an emperor scorpion
  4477 | D        | Killed an emperor scorpion
  4480 | D        | Noticed an emperor scorpion
  4492 | D        | Noticed an emperor scorpion
  4502 | D        | Killed an emperor scorpion
  4502 | D        | Reached skill level 15 in Invocations
  4516 | D        | Killed an emperor scorpion
  4516 | D        | Reached XP level 16. HP: 123/123 MP: 0/24
  4534 | D        | Received a gift from Okawaru
  4607 | D        | Got a gossamer rune of Zot
  4667 | D        | Reached skill level 26 in Maces & Flails
  4687 | D        | Got a decaying rune of Zot
  4710 | D        | Noticed a greater naga
  4710 | D        | Noticed a greater naga
  4710 | D        | Noticed a greater naga
  4711 | D        | Noticed a greater naga
  4722 | D        | Killed a greater naga
  4733 | D        | Killed a greater naga
  4733 | D        | Reached skill level 15 in Dodging
  4743 | D        | Killed a greater naga
  4750 | D        | Killed a greater naga
  4750 | D        | Received a gift from Okawaru
  4793 | D        | Got a serpentine rune of Zot
  4838 | D        | Gained mutation: Scrolls take you a little longer to read. [mutagenic meat]
  4845 | D        | Noticed Ilsuiw
  4868 | D        | Killed Ilsuiw
  4886 | D        | Reached skill level 27 in Maces & Flails
  4936 | D        | Got a barnacled rune of Zot
  4984 | D        | Noticed Margery
  4995 | D        | Killed Margery
  4999 | D        | Reached skill level 1 in Axes
  5008 | D        | Reached XP level 17. HP: 90/132 MP: 21/26
  5127 | D        | Reached skill level 5 in Axes
  5142 | D        | Received a gift from Okawaru
  5199 | D        | Reached skill level 10 in Axes
  5234 | D        | Got a jewelled scale mail {god gift}
  5273 | D        | Identified the +0 scale mail "Wuodghidu" {rElec} (Okawaru gifted it to you in the Dungeon)
  5381 | D        | Reached skill level 15 in Armour
  5429 | D        | Identified a +2 pair of boots of running (You found it in the Dungeon)
  5453 | D        | Noticed a quicksilver dragon
  5453 | D        | Noticed a golden dragon
  5456 | D        | Noticed a golden dragon
  5464 | D        | Killed a golden dragon
  5481 | D        | Killed a golden dragon
  5488 | D        | Killed a quicksilver dragon
  5488 | D        | Reached skill level 15 in Axes
  5488 | D        | Reached skill level 10 in Stealth
  5497 | D        | Reached XP level 18. HP: 80/144 MP: 23/28
  5509 | D        | Got a silver rune of Zot
  5517 | D        | Got a pitted plate armour
  5535 | D        | Identified the +9 plate armour of Soupa {Int+2} (You found it in the Dungeon)
  5587 | D        | Noticed Aizul
  5595 | D        | Killed Aizul
  5597 | D        | Noticed Mara
  5616 | D        | Killed Mara
  5688 | D        | Got the amulet "Acoal" {Reflect rPois rF+ Str-4 Int+2 SH+2 Stlth+}
  5690 | D        | Got the ring "Eteed" {Wiz *Corrode rElec rC+}
  5692 | D        | Got the ring of the Middle {-Tele rPois MP-9 Dex+3 SInv}
  5694 | D        | Got the amulet "Coti" {Spirit rPois MR+++ MP+9}
  5810 | D        | Got the ring of the Ego {rCorr -Tele rElec Str+10 Dex-2}
  5818 | D        | Got the +5 triple sword of Rekhlept {distort, rF+ Int-2 SInv}
  5821 | D        | Got the +5 lajatang "Kakhlen" {slice, Dex+7}
  5823 | D        | Got the +5 glaive of Sin {venom, +Fly Int+2 Dex+7}
  5826 | D        | Got the +5 battleaxe "Gedep" {freeze, rElec Str+5}
  5828 | D        | Got the +5 double sword "Pakec" {pain, rN+ Dex+4}
  5845 | D        | Got the +3 large shield "Vunk" {+Fly rElec rN+ Slay-2}
  5860 | D        | Got the +0 cloak of Impermeability {Str+4}
  5930 | D        | Noticed Louise
  5943 | D        | Killed Louise
  5951 | D        | Noticed Boris
  5953 | D        | Noticed Nessos
  5963 | D        | Killed Boris
  5963 | D        | Received a gift from Okawaru
  5963 | D        | Reached skill level 27 in Fighting
  5971 | D        | Killed Nessos
  6186 | D        | Received a gift from Okawaru
  6236 | D        | Noticed a tentacled monstrosity
  6239 | D        | Killed a tentacled monstrosity
  6244 | D        | Noticed a tentacled monstrosity
  6249 | D        | Noticed an orb of fire
  6260 | D        | Gained mutation: Scrolls take you longer to read. [an orb of fire]
  6272 | D        | Killed an orb of fire
  6272 | D        | Reached XP level 19. HP: 46/151 MP: 7/31
  6274 | D        | Killed a tentacled monstrosity
  6274 | D        | Received a gift from Okawaru
  6287 | D        | Got an iridescent flail {god gift}
  6572 | D        | Received a gift from Okawaru
  6605 | D        | Noticed a curse toe
  6605 | D        | Noticed a tentacled monstrosity
  6610 | D        | Killed a tentacled monstrosity
  6614 | D        | Killed a curse toe
  6640 | D        | Reached skill level 27 in Axes
  6654 | D        | Noticed an ancient lich
  6661 | D        | Killed an ancient lich
  6663 | D        | Noticed an orb of fire
  6672 | D        | Killed an orb of fire
  6672 | D        | Reached skill level 27 in Invocations
  6672 | D        | Reached XP level 20. HP: 120/157 MP: 8/33
  6678 | D        | Noticed an electric golem
  6687 | D        | Killed an electric golem
  6692 | D        | Noticed a golden dragon
  6692 | D        | Noticed an orb of fire
  6695 | D        | Noticed an electric golem
  6696 | D        | Noticed an orb of fire
  6698 | D        | Received a gift from Okawaru
  6708 | D        | Gained mutation: Scrolls take you much longer to read. [an orb of fire]
  6719 | D        | Killed an orb of fire
  6730 | D        | Noticed an ancient lich
  6731 | D        | Killed an orb of fire
  6731 | D        | Reached skill level 10 in Polearms
  6731 | D        | Reached skill level 15 in Stealth
  6735 | D        | Noticed an ancient lich
  6744 | D        | Killed a golden dragon
  6752 | D        | Killed an ancient lich
  6754 | D        | Killed an ancient lich
  6754 | D        | Reached skill level 15 in Polearms
  6759 | D        | Killed an electric golem
  6760 | D        | Noticed an ancient lich
  6779 | D        | Killed an ancient lich
  6797 | D        | Got a pair of distressingly furry boots {god gift}
  6811 | D        | Identified the +3 pair of boots of the Griffon {-Tele *Confuse rPois rCorr} (Okawaru gifted it to you in the Dungeon)
  6866 | D        | Received a gift from Okawaru
  6879 | D        | Received a gift from Okawaru
  6902 | D        | Reached XP level 21. HP: 123/163 MP: 13/34
  6920 | D        | Got the Orb of Zot
  7023 | D        | Noticed Reorunkyrph the pandemonium lord
  7028 | D        | Killed Reorunkyrph the pandemonium lord
  7028 | D        | Received a gift from Okawaru
  7111 | D        | Noticed a lich
  7111 | D        | Noticed an ancient lich
  7118 | D        | Killed an ancient lich
  7125 | D        | Killed a lich
  7128 | D        | Noticed an ancient lich
  7153 | D        | Killed an ancient lich
  7153 | D        | Received a gift from Okawaru
  7246 | D        | Reached skill level 27 in Polearms
  7315 | D        | Got an elven rune of Zot
  7368 | D        | Noticed the Royal Jelly
  7382 | D        | Killed the Royal Jelly
  7395 | D        | Reached XP level 22. HP: 102/169 MP: 1/35
  7410 | D        | Paralysed by a giant eyeball for 2 turns
  7437 | D        | Reached skill level 5 in Long Blades
  7443 | D        | Got a slimy rune of Zot
  7651 | D        | Received a gift from Okawaru
  7651 | D        | Reached skill level 10 in Long Blades
  7803 | D        | Got an iridescent falchion {god gift}
  7804 | D        | Identified the +7 falchion "Imp's Death Toll" {flame, Int+3} (Okawaru gifted it to you in the Dungeon)
  7924 | D        | Noticed a greater mummy
  7950 | D        | Killed a greater mummy
  7950 | D        | Reached skill level 15 in Long Blades
  8071 | D        | Noticed a greater mummy
  8071 | D        | Noticed a greater mummy
  8082 | D        | Killed a greater mummy
  8090 | D        | Noticed a greater mummy
  8097 | D        | Killed a greater mummy
  8124 | D        | Got a golden rune of Zot
  8214 | D        | Got an abyssal rune of Zot
  8384 | D        | Noticed Geryon
  8412 | D        | Noticed Lom Lobon
  8412 | D        | Noticed Gloorx Vloq
  8413 | D        | Noticed Mnoleg
  8418 | D        | Banished Gloorx Vloq
  8420 | D        | HP: 5/169 [Lom Lobon/great icy blast (53)]
  8424 | D        | Noticed Antaeus
  8426 | D        | HP: 10/253 [Lom Lobon] (5)]
  8428 | D        | Noticed Dispater
  8435 | D        | HP: 11/253 [Mnoleg (5)]
  8438 | D        | Killed Mnoleg
  8440 | D        | Noticed Ereshkigal
  8441 | D        | HP: 1/169 [Antaeus (11)]
  8441 | D        | Annihilated by Antaeus

Vault maps used:
D:        linesprint

Action                   |  1- 3 |  4- 6 |  7- 9 | 10-12 | 13-15 | 16-18 | 19-21 | 22-24 || total
-------------------------+-------+-------+-------+-------+-------+-------+-------+-------++-------
Melee: Flail             |    57 |       |       |       |       |       |       |       ||    57
       Dire flail        |    18 |    22 |    94 |   309 |       |       |       |       ||   443
       Morningstar       |       |       |       |   110 |   701 |   230 |       |       ||  1041
       Unarmed           |       |       |       |       |    16 |       |       |       ||    16
       Battleaxe         |       |       |       |       |       |   373 |   125 |       ||   498
       Glaive            |       |       |       |       |       |       |   346 |       ||   346
       Triple sword      |       |       |       |       |       |       |    10 |   231 ||   241
Invok: Heroism           |       |       |     3 |     7 |    15 |    13 |    11 |    10 ||    59
       Finesse           |       |       |       |     5 |    15 |    11 |    11 |     8 ||    50
 Abil: Blink             |       |       |       |       |     2 |       |       |       ||     2
       Fly               |       |       |       |       |     1 |       |       |       ||     1
  Use: Potion            |     1 |       |     1 |     7 |     5 |       |       |    13 ||    27
       Scroll            |       |       |       |     2 |       |       |       |       ||     2
 Stab: Sleeping          |       |       |       |     1 |     3 |     2 |     5 |     3 ||    14
       Distracted        |       |       |       |       |     2 |       |       |       ||     2
  Eat: Chunk             |       |       |     2 |     6 |    24 |    11 |     7 |     3 ||    53
       Fruit             |       |       |       |     6 |     1 |     2 |     1 |     4 ||    14
